 Dungeon Crawl Stone Soup version 0.30-a0-881-g1ff12e1e11 (webtiles) character file.

Game seed: 6608181324841004671

4341 bande the Cleaver (level 10, 0/61 HPs)
             Began as a Gargoyle Fighter on Mar 14, 2023.
             Was an Initiate of Okawaru.
             Slain by a hornet (10 damage)
             ... on level 8 of the Dungeon.
             The game lasted 00:12:20 (6855 turns).

bande the Cleaver (Gargoyle Fighter)                Turns: 6855, Time: 00:12:21

Health: 0/61       AC: 24    Str: 20    XL:     10   Next: 33%
Magic:  28/28      EV:  6    Int:  4    God:    Okawaru [......]
Gold:   485        SH: 11    Dex: 15    Spells: 9/9 levels left

rFire   . . .      SeeInvis +    B - +8 war axe "Coahell" {elec, rN+++ MP+9 Int-5 Dex+2}
rCold   + . .      Faith    .    i - +1 kite shield
rNeg    + + +      Spirit   .    u - +0 chain mail
rPois   ∞          Reflect  .    h - +1 helmet
rElec   +          Rampage  .    n - +1 cloak "Xasuwk" {+Blink MP+9 SInv}
rCorr   .                        w - +1 pair of gloves
Will    .....                    (no boots) Stlth
                                 (no amulet)
HPRegen 0.30/turn                o - ring of protection from cold
MPRegen 0.21/turn                (no ring)

@: no status effects
A: sickness immunity, AC +7, negative energy resistance 1, electricity
resistance, torment resistance 1, petrification resistance
a: Renounce Religion, Evoke Blink


You were on level 8 of the Dungeon.
You worshipped Okawaru.
Okawaru was noncommittal.
You visited 2 branches of the dungeon, and saw 9 of its levels.

You collected 485 gold pieces.

Inventory:

Hand Weapons
 a - a +1 war axe
 b - a +1 flail of holy wrath
 j - a +1 broad axe of protection
 B - the +8 war axe "Coahell" (weapon) {elec, rN+++ MP+9 Int-5 Dex+2}
   (You found it on level 7 of the Dungeon)

   Int:       It affects your intelligence (-5).
   Dex:       It affects your dexterity (+2).
   rN:        It renders you almost immune to negative energy.
   MP:        It affects your magic capacity (+9).
Armour
 h - a +1 helmet (worn)
 i - a +1 kite shield (worn)
 n - the +1 cloak "Xasuwk" (worn) {+Blink MP+9 SInv}
   (You found it on level 2 of the Dungeon)

   MP:        It affects your magic capacity (+9).
   SInv:      It lets you see invisible.
   +Blink:    It lets you blink.
 u - a +0 chain mail (worn)
 w - a +1 pair of gloves (worn)
Jewellery
 c - a ring of magical power
 o - a ring of protection from cold (left hand)
 p - a ring of ice
 t - an amulet of the acrobat
Wands
 q - a wand of polymorph (10)
 y - a wand of digging (3)
Scrolls
 g - a scroll of brand weapon
 m - a scroll of amnesia
 v - 2 scrolls of fog
 A - a scroll of teleportation
Potions
 d - 2 potions of might
 e - 2 potions of cancellation
 f - a potion of resistance
 k - 4 potions of flight
 l - 5 potions of curing
 r - 3 potions of heal wounds
 z - a potion of mutation


   Skills:
 + Level 6.4 Fighting
 + Level 8.8 Axes
 + Level 6.2 Armour
 - Level 0.5 Stealth
 + Level 7.4 Shields
 * Level 1.2 Invocations
 * Level 5.6 Evocations


You had 9 spell levels left.
You didn't know any spells.
Your spell library contained the following spells:

 Spells                   Type           Power      Damage    Failure   Level
 Kiss of Death            Conj/Necr      0%         2d5       100%        1
 Wereblood                Tmut           0%         N/A       100%        2
 Confusing Touch          Hex            0%         N/A       100%        3
 Dispel Undead            Necr           0%         3d6       100%        4
 Call Imp                 Summ           Unusable   N/A       N/A         2
 Sublimation of Blood     Necr           Unusable   N/A       N/A         2
 Summon Cactus Giant      Summ           Unusable   N/A       N/A         6
 Summon Hydra             Summ           Unusable   N/A       N/A         7
 Summon Horrible Things   Summ           Unusable   N/A       N/A         8

Dungeon Overview and Level Annotations

Branches:
Dungeon (8/15)             Temple (1/1) D:6
   Lair: D:8-11

Altars:
Ashenzari
Cheibriados
Dithmenos
Elyvilon
Fedhas
Gozag
Hepliaklqana
Kikubaaqudgha
Makhleb
Nemelex Xobeh
Okawaru
Qazlal
Ru
Sif Muna
Trog
Uskayaw
Vehumet
Wu Jian
Xom
Yredelemnul
The Shining One

Shops:
D:7 *

Annotations:
D:7 3 runed translucent doors, Mickster's ghost, novice DgFi


Innate Abilities, Weirdness & Mutations

You are immune to sickness and miasma.
Your stone body is resilient. (AC +7)
You are immune to poison.
You resist negative energy. (rN+)
You are resistant to electric shocks. (rElec)
You are resistant to unholy torment.
You are immune to petrification.


Message History

The boomerang hits you but does no damage.
You block the gnoll sergeant's attack.
The hornet stings you but does no damage.
The gnoll sergeant blocks your attack.
The gnoll sergeant is moderately wounded.
You hit the hornet. The hornet stings you.
The orc warrior throws a boomerang.
The boomerang barely misses you.
The gnoll sergeant hits you but does no damage.
You block the hornet's attack.
The gnoll sergeant hits you but does no damage.
You hit the gnoll sergeant but do no damage.
The gnoll sergeant is moderately wounded.
You completely miss the orc warrior. You hit the hornet.
The hornet stings you but does no damage.
The orc warrior hits you with a +0 war axe!
You block the hornet's attack.
The gnoll sergeant hits you but does no damage.
You slash the gnoll sergeant!
The gnoll sergeant is severely wounded.
You barely miss the orc warrior. You hit the hornet.
You block the hornet's attack.
The gnoll sergeant hits you with a +0 spear.
The orc warrior hits you with a +0 war axe.
The hornet stings you!
You slash the orc warrior!
The orc warrior is severely wounded.
You hit the hornet. You hit the gnoll sergeant.
Lightning courses through the gnoll sergeant!
You kill the gnoll sergeant!
Okawaru accepts your kill. The hornet stings you!
* * * LOW HITPOINT WARNING * * *
The orc warrior hits you but does no damage.
The hornet stings you!
* * * LOW HITPOINT WARNING * * *
You slash the orc warrior!
You kill the orc warrior!
Okawaru accepts your kill.
You hit the hornet. The hornet stings you!
You die...

......##.......##. #.###......##.
......##.......## ##...###[...##.
##....##.......# #......#....##.
##....##.....(.. ##..#..###......
......#........###......'.###..#.
......'........#.#'#...##...#....
..>...#.......##...###.#...##....
......##......#......#####.†.....
##.....########)@#.....# ###.....
##.....# #.y)###..## ###...
######## #..## ..# ###. .# #...
.## ## .# ###. # ## ##


You could see a hornet.

Vanquished Creatures
  A two-headed ogre (D:6)
  A gargoyle (D:7)
  A steam dragon (D:6)
  2 water moccasins
  3 orc warriors
  3 ice beasts
  3 black bears
  4 sky beasts
  A centaur (D:7)
  2 ogres (D:4)
  A phantom (D:4)
  2 kobold brigands (D:6)
  2 gnoll sergeants
  2 bullfrogs
  5 scorpions
  3 wights (D:7)
  A howler monkey (D:3)
  2 jellies
  2 orc priests
  4 hounds
  A gnoll bouda (D:7)
  A sleepcap (D:8)
  2 iguanas
  2 orc wizards
  Robin (D:4)
  13 gnolls
  10 adders
  A shadow imp (D:7)
  A white imp (D:4)
  An ufetubus (D:6)
  2 worms
  3 dart slugs
  32 orcs
  6 ball pythons
  4 bats
  9 endoplasms
  4 giant cockroaches
  7 goblins
  9 hobgoblins
  4 jackals (D:3)
  15 kobolds
  5 quokkas
  4 frilled lizards
  10 rats
192 creatures vanquished.

Vanquished Creatures (others)
  A gnoll bouda (D:6)
1 creature vanquished.

Grand Total: 193 creatures vanquished

Notes
Turn   | Place    | Note
-------+----------+-------------------------------------------
     0 | D:1      | bande the Gargoyle Fighter began the quest for the Orb.
     0 | D:1      | Reached XP level 1. HP: 14/14 MP: 1/1
    50 | D:1      | Reached XP level 2. HP: 13/19 MP: 2/2
   248 | D:1      | Reached skill level 2 in Axes
   372 | D:1      | Reached XP level 3. HP: 24/24 MP: 3/3
   380 | D:1      | Found a faded altar of an unknown god.
   734 | D:2      | Identified the +1 cloak "Xasuwk" {+Blink MP+9 SInv}
   862 | D:2      | Reached XP level 4. HP: 29/29 MP: 4/4
  1298 | D:3      | Found a white marble altar of Elyvilon.
  1379 | D:3      | Reached skill level 3 in Axes
  1434 | D:3      | Reached skill level 1 in Evocations
  1434 | D:3      | Reached XP level 5. HP: 33/33 MP: 5/5
  1948 | D:4      | Reached XP level 6. HP: 38/38 MP: 6/6
  1979 | D:4      | You fall into a shaft and drop 2 floors!
  2010 | D:6      | Noticed a black bear
  2019 | D:6      | Killed a black bear
  2020 | D:6      | Reached skill level 4 in Axes
  2054 | D:5      | Entered Level 5 of the Dungeon
  2054 | D:5      | Found a radiant altar of Vehumet.
  2147 | D:5      | Reached XP level 7. HP: 38/44 MP: 7/7
  2285 | D:4      | Found a snail-covered altar of Cheibriados.
  2418 | D:4      | Noticed Robin
  2438 | D:4      | Killed Robin
  2530 | D:4      | Identified a scroll of acquirement
  2530 | D:4      | Acquired a +1 heavy broad axe
  2696 | D:4      | Found a burning altar of Makhleb.
  2747 | D:4      | Reached skill level 5 in Axes
  2761 | D:4      | Found a hide-covered altar of Uskayaw.
  2761 | D:4      | Noticed a +0 dagger
  2761 | D:4      | Noticed a +0 short sword
  2761 | D:4      | Noticed a +0 dagger
  2763 | D:4      | Noticed a +0 spear
  2763 | D:4      | Noticed a +0 falchion
  2763 | D:4      | Noticed a +0 spear
  2764 | D:4      | Noticed a +0 falchion
  2766 | D:4      | Noticed a +0 short sword
  2946 | D:5      | Identified the +2 leather armour of Summer {Int+7}
  3016 | D:5      | Reached XP level 8. HP: 48/48 MP: 8/8
  3291 | D:5      | Reached skill level 5 in Shields
  3338 | D:5      | Reached skill level 5 in Fighting
  3406 | D:5      | Found a glowing golden altar of the Shining One.
  3457 | D:6      | Found an opulent altar of Gozag.
  3530 | D:6      | Found a staircase to the Ecumenical Temple.
  3568 | Temple   | Entered the Ecumenical Temple
  3691 | D:6      | Reached skill level 6 in Axes
  3953 | D:6      | Reached skill level 5 in Armour
  4507 | D:7      | Noticed a two-headed ogre
  4646 | D:6      | Killed a two-headed ogre
  4647 | D:6      | Reached skill level 7 in Axes
  4647 | D:6      | Reached XP level 9. HP: 7/55 MP: 9/9
  5278 | D:7      | Identified the +8 war axe "Coahell" {elec, rN+++ MP+9 Int-5
                  | Dex+2}
  5325 | D:7      | Found a sparkling altar of Nemelex Xobeh.
  5550 | D:7      | Reached skill level 5 in Evocations
  5550 | D:7      | Found a runed translucent gate.
  5550 | D:7      | Found a runed translucent gate.
  5550 | D:7      | Found a runed translucent gate.
  5552 | D:7      | Noticed a spectral unseen horror
  5552 | D:7      | Noticed Mickster's ghost (novice DgFi)
  5564 | D:7      | Reached skill level 8 in Axes
  5566 | D:7      | Got Asmodeus's Vademecum on Bringing Forth
  5573 | D:7      | Found a shadowy altar of Dithmenos.
  5600 | D:7      | Found Rumioj's Gadget Gallery.
  5673 | D:7      | Noticed a gargoyle
  5682 | D:7      | Killed a gargoyle
  5683 | D:7      | Reached XP level 10. HP: 22/60 MP: 10/10
  6198 | D:7      | Found an iron altar of Okawaru.
  6206 | D:7      | Became a worshipper of Warmaster Okawaru
  6831 | D:8      | Reached skill level 1 in Invocations
  6855 | D:8      | Slain by a hornet

Illustrated notes

Levels and vault maps discovered:
D:1:      lightli_arrival_chessboard, layout_rooms,
          ebering_ecumenical_altar_hall
D:2:      layout_rooms, minmay_domino_4
D:3:      layout_rooms, mainiacjoe_overflow_catwalk, kennysheep_generic_room_6
D:4:      layout_layer_cave, nicolae_uskayaw_en_pointe,
          mainiacjoe_overflow_brackets, mainiacjoe_overflow_alcove_2,
          minmay_mini_jars, uniq_robin
D:5:      layout_loops_ring, amcnicky_altar_gilded, tso_altar,
          minmay_liquid_box, supply_closet_lemuel, minmay_misc_feat_roman,
          chequers_serial_rivers_micro_c, feat_on_display
D:6:      layout_gridville, lemuel_crystal_altar,
          minmay_temple_entry_drinking_statues
D:7:      layout_basic, nicolae_dithmenos_the_darkroom,
          nemelex_xobeh_ov_fountains_minmay, kennysheep_okawaru_gauntlet,
          gammafunk_ghost_necromancy, nicolae_shop_gadgets
D:8:      minmay_slanted_spiral_squares, layout_gridville, uniq_grum
Temple:   minmay_freezing_vapour_temple

Skill      XL: |  1  2  3  4  5  6  7  8  9 10 |
---------------+-------------------------------+-----
Axes           | 2 3 4 5 7 8 |  8.8
Fighting       | 4 5 6 |  6.4
Evocations     | 1 2 3 4 5 |  5.6
Armour         | 4 5 6 |  6.2
Shields        | 4 6 7 |  7.4
Invocations    | 1 |  1.2
Stealth        | |  0.5

Action                     |  1- 3 |  4- 6 |  7- 9 | 10-12 || total
---------------------------+-------+-------+-------+-------++-------
  Melee: War axe           |    95 |   138 |   122 |    59 ||   414
         Broad axe         |       |       |   164 |       ||   164
Ability: Evoke Blink       |       |     1 |       |       ||     1
    Use: Scroll            |       |     1 |    17 |     3 ||    21
         Potion            |       |       |     1 |       ||     1
 Armour: Scale mail        |    58 |    22 |       |       ||    80
         Chain mail        |       |    71 |   259 |    34 ||   364
  Dodge: Dodged            |    38 |    48 |    92 |    21 ||   199
  Block: Buckler           |     8 |       |       |       ||     8
         Kite shield       |    28 |    63 |   209 |    47 ||   347

Table legend: (Time is in decaauts)
 A = Elapsed time spent in this place.
 B = Non-inter-level travel time spent in this place.
 C = Inter-level travel time spent in this place.
 D = Time resting spent in this place.
 E = Time spent auto-exploring this place.
 F = Levels seen in this place.
 G = Mean time per level.
                   A        B        C        D        E       F      G
               +--------+--------+--------+--------+--------+-----+--------+
         Total |   7123 |   7060 |     63 |   1610 |   3747 |   9 |  791.4 |
       Dungeon |   7121 |   7058 |     63 |   1610 |   3747 |   8 |  890.1 |
        Temple |      1 |      1 |      0 |      0 |      0 |   1 |    1.0 |
               +--------+--------+--------+--------+--------+-----+--------+

Top non-repeatable levels by time:
     D:6: 1903 daAuts
     D:7: 1036 daAuts
     D:4: 820 daAuts
     D:5: 751 daAuts
     D:3: 737 daAuts
     D:1: 707 daAuts
     D:8: 619 daAuts
     D:2: 545 daAuts
  Temple: 1 daAuts
